 Dungeon Crawl Stone Soup version 0.31.0-9-g3a7656b989 (webtiles) character file.

Game seed: 11417459941794217676

1 Strat the Ducker (level 1, -1/14 HPs)
             Began as a Merfolk Air Elementalist on Jan 24, 2024.
             Frozen to death by an endoplasm (4 damage)
             ... on level 1 of the Dungeon.
             The game lasted 00:00:20 (74 turns).

Strat the Ducker (Merfolk Air Elementalist)           Turns: 74, Time: 00:00:21

Health: -1/14      AC:  5    Str:  8    XL:     1   Next: 20%
Magic:  3/3        EV: 10    Int: 14    God:
Gold:   0          SH:  0    Dex: 14    Spells: 3/4 levels left

rFire   . . .        (no weapon)
rCold   . . .        (no shield)
rNeg    . . .        c - +0 ring mail
rPois   .            (no helmet)
rElec   .            (no cloak)
rCorr   .            (no gloves)
SInv    .            (no boots)
Will    .....        (no amulet)
Stlth   +            (no ring)
HPRegen 0.22/turn    (no ring)
MPRegen 0.08/turn

%: no passive effects
@: no status effects
A: (nimble swimmer 2), mertail
a: no special abilities


You were on level 1 of the Dungeon.
You visited 1 branch of the dungeon, and saw 1 of its levels.

Inventory:

Armour
 a - a +0 robe
 c - a +0 ring mail (worn)
Potions
 b - a potion of magic


   Skills:
 + Level 0.4 Fighting
 - Level 2.6 Dodging
 - Level 2.1 Stealth
 - Level 2.0 Spellcasting
 - Level 0.7 Conjurations
 - Level 2.4 Air Magic


You had 3 spell levels left.
You knew the following spells:

 Your Spells              Type           Power      Damage    Failure   Level
a - Shock                 Conj/Air       20%        1d4       36%         1

Your spell library contained the following spells:

 Spells                   Type           Power      Damage    Failure   Level
 Static Discharge         Conj/Air       10%        3-4/arc   52%         2
 Swiftness                Air            8%         N/A       63%         3
 Airstrike                Air            4%         2d(1-17)  95%         4


Dungeon Overview and Level Annotations

Branches:
Dungeon (1/15)

Altars:


Innate Abilities, Weirdness & Mutations

((You are very nimble when in or above water. (Stealth+, EV+, Speed+++)))
Your lower body shifts to a powerful aquatic tail in water.


Message History

The endoplasm completely misses you.
You hit the endoplasm but do no damage. The bat hits you but does no damage.
The endoplasm closely misses you.
You hit the endoplasm.
The endoplasm is lightly wounded.
The bat closely misses you. The bat hits you but does no damage.
The endoplasm freezes you.
You are frozen.
You hit the endoplasm.
The endoplasm is moderately wounded.
The bat closely misses you. The bat barely misses you.
The endoplasm freezes you.
You are frozen.
* * * LOW HITPOINT WARNING * * *
You are too injured to fight recklessly!
You are too injured to fight recklessly!
You are too injured to fight recklessly!
The bat hits you.
* * * LOW HITPOINT WARNING * * *
The bat hits you but does no damage.
Found a scroll labelled JOCEIMUUGE.
The bat attacks as it pursues you! The bat hits you but does no damage.
The bat closely misses you.
You hit the endoplasm.
The endoplasm is moderately wounded.
The bat barely misses you. The endoplasm freezes you.
You are frozen.
* * * LOW HITPOINT WARNING * * *
You hit the endoplasm.
The endoplasm is heavily wounded.
The bat closely misses you. The endoplasm barely misses you.
You barely miss the endoplasm.
The endoplasm is heavily wounded.
The bat misses you. The endoplasm barely misses you.
You hit the endoplasm.
The endoplasm is severely wounded.
The bat hits you but does no damage. The bat closely misses you.
The endoplasm freezes you.
You are frozen.
You die...

#....
...+.....#####
#.#.. ..#.....#...#
##..>.
#.#..⌠..'.<.#
#.....
#.#.....#...#
#...###.'†[...#####
.###......###+###
#..$.....#.##...#
.........J..#.8.#
.##..#####@.#...#
#.. #b.##### #.
#.... # #......
#.$###.# ...# ..
##.# . ?.


You could see an endoplasm and a bat.

Vanquished Creatures
  A frilled lizard (D:1)
  A rat (D:1)
2 creatures vanquished.

Notes
Turn   | Place    | Note
-------+----------+-------------------------------------------
     0 | D:1      | Strat the Merfolk Air Elementalist began the quest for the
                  | Orb.
     0 | D:1      | Reached XP level 1. HP: 13/13 MP: 3/3
    74 | D:1      | Frozen to death by an endoplasm

Illustrated notes

Levels and vault maps discovered:
D:1:      minmay_arrival_stair_chambers, layout_loops_ring

Action                     || total
---------------------------++-------
  Melee: Unarmed           ||     9
   Cast: Shock             ||     1
 Armour: Ring mail         ||     7
         Robe              ||     1
  Dodge: Dodged            ||    16
